 Dungeon Crawl Stone Soup version 0.28.0-53-g5a82cb258f (webtiles) character file.

Game seed: 4024635639194788026

49 mcbry74 the Insei (level 3, -2/26 HPs)
             Began as a Merfolk Transmuter on June 7, 2022.
             Was a Plaything of Xom.
             Slain by Jessica
             ... wielding a +4 club
              (7 damage)
             ... on level 2 of the Dungeon.
             The game lasted 00:03:59 (2341 turns).

mcbry74 the Insei (Merfolk Transmuter)              Turns: 2341, Time: 00:04:00

Health: -2/26      AC:  2    Str: 10    XL:     3   Next: 75%
Magic:  6/6        EV: 12    Int: 14    God:    Xom [..*...]
Gold:   53         SH:  0    Dex: 14    Spells: 5/6 levels left

rFire   . . .      SeeInvis .     - Unarmed
rCold   . . .      Faith    .   (no shield)
rNeg    . . .      Spirit   .   a - +0 robe
rPois   .          Reflect  .   (helmet currently unavailable)
rElec   .          Harm     .   (no cloak)
rCorr   .          Rampage  .   (no gloves)
Will    .....                   (boots currently unavailable)
Stlth   +.........              (no amulet)
HPRegen 0.08/turn               (no ring)
MPRegen 0.10/turn               (no ring)

@: appendages (expiring)
A: horns 2, (nimble swimmer 2), mertail
a: End Transformation, Renounce Religion


You were on level 2 of the Dungeon.
You worshipped Xom.
You were a toy of Xom.
You had temporarily grown beastly horns.
You visited 1 branch of the dungeon, and saw 2 of its levels.

You collected 53 gold pieces.

Inventory:

Missiles
 b - 81 stones (quivered)
Armour
 a - a +0 robe (worn)
Scrolls
 c - 2 scrolls of identify {unknown}
 d - a scroll of fear {unknown}


   Skills:
 - Level 1.1 Fighting
 + Level 1.2 Throwing
 - Level 2.6 Dodging
 * Level 4.7 Unarmed Combat
 - Level 2.0 Spellcasting
 - Level 2.6 Transmutations


You had 5 spell levels left.
You knew the following spells:

 Your Spells              Type           Power      Damage    Failure   Level
a - Beastly Appendage     Tmut           16%        N/A       8%          1

Your spell library contained the following spells:

 Spells                   Type           Power      Damage    Failure   Level
 Wereblood                Tmut           8%         N/A       12%         2
 Corpse Rot               Necr/Air       2%         N/A       34%         2
 Spider Form              Tmut/Pois      5%         N/A       38%         3
 Ice Form                 Ice/Tmut       5%         N/A       80%         4
 Dispel Undead            Necr           1%         3d6       93%         4
 Death Channel            Necr           0%         N/A       100%        6


Dungeon Overview and Level Annotations

Branches:
Dungeon (2/15)

Altars:
Xom

Annotations:
D:2 Jessica, Robin


Innate Abilities, Weirdness & Mutations

You have temporarily grown beastly horns.
((You are very nimble when in or above water. (Stealth+, EV+, Speed+++)))
Your lower body shifts to a powerful aquatic tail in water.


Message History

The hobgoblin misses you.
You hit the hobgoblin but do no damage.
The hobgoblin is almost dead.
The hobgoblin hits you.
You hit the hobgoblin.
You kill the hobgoblin!
You start resting.
Jessica the Apprentice Sorceress comes into view.
She is wielding a +4 club and wearing a +2 robe of willpower.
Casting: Beastly Appendage (safe; 8% risk of failure)
Confirm with . or Enter, or press ? or * to list all spells.
You grow a pair of large bovine horns.
Jessica shouts!
Jessica mumbles some strange words.
Jessica blinks!
You see here a hobgoblin corpse. "Let's try an experiment, hmmm?"
A monocle briefly appears over your right eye.
Jessica barely misses you.
You hit Jessica but do no damage. You headbutt Jessica.
Jessica is moderately wounded.
Jessica hits you with a +4 club.
You barely miss Jessica. You punch Jessica.
Jessica is heavily wounded.
Your transformation is almost over.
Jessica shouts, "Stop bothering me, or I'll kill you!"
Jessica misses you.
You barely miss Jessica. You headbutt Jessica, but do no damage.
Jessica is heavily wounded.
Jessica hits you with a +4 club!
You hit Jessica.
Jessica is almost dead.
Jessica misses you.
You barely miss Jessica.
Jessica is almost dead.
Jessica hits you with a +4 club.
* * * LOW HITPOINT WARNING * * *
You hit Jessica but do no damage.
Jessica is almost dead.
Jessica hits you with a +4 club!
You die...

# ##.### # #.# .# #
#.# #. # ##'## .. # #
##...## .# .# #
##.....## #.##..#
##.......## ##......
###.........####@..##
..'.........'.†.@...#
#################..##
.## .# ##


You could see Jessica.

Vanquished Creatures
  2 dart slugs (D:1)
  4 endoplasms
  2 giant cockroaches
  9 goblins
  4 hobgoblins
  4 jackals (D:2)
  2 kobolds (D:1)
  2 quokkas (D:2)
  3 bats
  A frilled lizard (D:1)
  4 rats
37 creatures vanquished.

Notes
Turn   | Place    | Note
-------+----------+-------------------------------------------
     0 | D:1      | mcbry74 the Merfolk Transmuter began the quest for the Orb.
     0 | D:1      | Reached XP level 1. HP: 15/15 MP: 3/3
   200 | D:1      | Reached XP level 2. HP: 9/21 MP: 5/5
   249 | D:1      | HP: 1/21 [endoplasm (3)]
   266 | D:1      | Reached skill level 4 in Unarmed Combat
   903 | D:1      | Found a faded altar of an unknown god.
   911 | D:1      | Prayed at the altar of an unknown god.
   911 | D:1      | Became a worshipper of Xom of Chaos
  1395 | D:1      | XOM: divination: detect items
  1584 | D:2      | Reached XP level 3. HP: 25/26 MP: 6/6
  1789 | D:2      | Reached skill level 1 in Throwing
  1806 | D:2      | Noticed Robin
  1896 | D:1      | XOM: silly message
  2331 | D:2      | Noticed Jessica
  2335 | D:2      | XOM: silly message
  2341 | D:2      | Slain by Jessica

Illustrated notes

Levels and vault maps discovered:
D:1:      tarquinn_simple_flora_water_c, layout_loops_ring,
          ebering_ecumenical_altar_mist, minmay_misc_feat_secret_circle,
          hangedman_decor_opposing, kennysheep_another_room, chequers_jeans
D:2:      minmay_razor_zed, layout_loops_corners, basic_altar,
          kennysheep_generic_room_7, uniq_jessica, uniq_robin

Skill      XL: |  1  2  3 |
---------------+----------+-----
Unarmed Combat | 4 |  4.7
Throwing       | 1 |  1.2
Fighting       | |  1.1
Dodging        | |  2.6
Spellcasting   | |  2.0
Transmutations | |  2.6

Action                   || total
-------------------------++-------
Melee: Unarmed           ||   102
       Punch             ||     6
       Headbutt          ||     5
Throw: Stone             ||    17
 Cast: Beastly Appendage ||     4
 Stab: Sleeping          ||     1
Armor: Robe              ||    19
Dodge: Dodged            ||    78
